 Dungeon Crawl Stone Soup version 0.32-a0-666-ge8a88695a4 (webtiles) character file.

Game seed: 1296813366580865489

3260 cforsyth the Reanimator (level 9, -4/81 HPs)
             Began as a Mountain Dwarf Necromancer on Mar 9, 2024.
             Slain by an orc warrior
             ... wielding a +0 bardiche
              (22 damage)
             ... on level 9 of the Dungeon.
             The game lasted 00:18:52 (10185 turns).

cforsyth the Reanimator (MDNe)                     Turns: 10185, Time: 00:18:52

Health: -4/81      AC:  7    Str: 14    XL:     9   Next: 68%
Magic:  10/11      EV: 10    Int: 17    God:
Gold:   406        SH:  5    Dex: 10    Spells: 6/11 levels left

rFire   . . .        x - +8 autumn katana {manifold assault}
rCold   . . .        (no shield)
rNeg    . . .        r - +0 ring mail
rPois   .            (no helmet)
rElec   .            (no cloak)
rCorr   .            u - +0 pair of gloves
SInv    +            (no boots)
Will    .....        y - amulet of reflection
Stlth   +            v - ring of see invisible
HPRegen 0.33/turn    (no ring)
MPRegen 0.12/turn

%: reflection
@: animating dead
A: runic magic, artefact enchanting
a: no special abilities


You were on level 9 of the Dungeon.
You visited 2 branches of the dungeon, and saw 10 of its levels.

You collected 505 gold pieces.
You spent 99 gold pieces at shops.


Innate Abilities, Weirdness & Mutations

Your spellcasting is much less encumbered by armour.
You can use scrolls of enchantment on lesser artefacts.


   Skills:
 + Level 8.2 Fighting
 + Level 7.1 Axes
 + Level 6.5 Armour
 - Level 1.3 Dodging
 - Level 1.4 Stealth
 - Level 1.7 Spellcasting
 + Level 9.4 Necromancy


You had 6 spell levels left.
You knew the following spells:

 Your Spells              Type           Power      Damage    Failure   Level
a - Animate Dead          Necr           33%        N/A       4%          4
X - Necrotise             Necr           100%       1d9       1%          1

Your spell library contained the following spells:

 Spells                   Type           Power      Damage    Failure   Level
 Vampiric Draining        Necr           33%        2d8       1%          3
 Curse of Agony           Necr           33%        N/A       13%         5
 Stone Arrow              Conj/Erth      2%         3d7       56%         3
 Animate Armour           Summ/Erth      2%         N/A       92%         4
 Haunt                    Necr/Summ      8%         N/A       100%        7
 Infestation              Necr           16%        N/A       100%        8
 Lehudib's Crystal Spear  Conj/Erth      0%         10d2      100%        8

Inventory:

Hand Weapons
 h - a +0 broad axe
 x - the +8 autumn katana (weapon) {manifold assault}
   (You found it on level 4 of the Dungeon)
Missiles
 B - a throwing net {=f}
Armour
 r - a +0 ring mail (worn)
 u - a +0 pair of gloves (worn)
Magical Staves
 K - a staff of death {!a}
Jewellery
 f - a ring of fire
 v - a ring of see invisible (left hand)
 y - an amulet of reflection (around neck)
Wands
 j - a wand of quicksilver (10)
 C - a wand of iceblast (13)
 G - a wand of charming (30)
 J - a wand of flame (21)
Scrolls
 a - a scroll of fear {unknown}
 c - 2 scrolls of brand weapon {unknown}
 d - 2 scrolls of acquirement {unknown}
 e - a scroll of fog {unknown}
 g - 3 scrolls of enchant weapon {unknown}
 i - 5 scrolls of teleportation {@r2}
 l - 3 scrolls of revelation {unknown}
 m - a scroll of amnesia {unknown}
 q - a scroll of noise
 s - 3 scrolls of poison {unknown}
 w - 3 scrolls of vulnerability
 z - a scroll of silence {!r}
 F - 6 scrolls of immolation
 I - a scroll of enchant armour {unknown}
Potions
 b - a potion of magic
 k - a potion of resistance
 n - 2 potions of berserk rage {!q}
 o - a potion of ambrosia {unknown}
 p - a potion of curing {unknown}
 t - 3 potions of attraction
 A - 2 potions of haste {@q3}
 D - a potion of cancellation {unknown}
 E - a potion of lignification {unknown}
 H - a potion of might {unknown}
 L - a potion of brilliance {unknown}

Dungeon Overview and Level Annotations

Branches:
Dungeon (9/15)             Temple (1/1) D:4
   Lair: D:8-11         Orc: D:9-12

Altars:
Ashenzari
Cheibriados
Dithmenos
Elyvilon
Fedhas
Gozag
Hepliaklqana
Makhleb
Nemelex Xobeh
Okawaru
Qazlal
Sif Muna
Trog
Uskayaw
Vehumet
Wu Jian
Xom
Yredelemnul
Zin
The Shining One

Shops:
D:5 ? D:6

[ ### ###....)▓
#.......+
#.......+
#...[...▓
##.......▓
#.....ZZ..▓
#......oZZ▓▓▓▓▓▓▓
#...§...)D)......
#####.§§Z@.......
#....Z.......
##...........
##...>.#....
##....###..
#.##.# # ..# .#
.. .#


You could see a steam dragon (ally target), an orc warrior (ally target), 3
friendly orc zombies, a friendly orc priest zombie and 2 friendly orc wizard
zombies.


Message History

You block the orc warrior's attack.
The orc priest shouts, "Surrender to Beogh and we'll let you live!"
The orc priest hits you but does no damage.
The steam dragon bites you but does no damage.
The steam dragon closely misses you.
You hit the orc priest.
You kill the orc priest!
The dead are walking!
Your orc zombie barely misses the orc warrior.
The orc wizard is engulfed in a cloud of scalding steam.
The orc priest completely misses you.
Your orc wizard zombie hits the orc warrior but does no damage.
The orc warrior is engulfed in a cloud of scalding steam.
The orc warrior misses you. The steam dragon misses you.
The steam dragon claws you but does no damage.
Unknown command.
You hit the steam dragon.
You slice through the folds of space itself!
You slash the orc wizard!
You kill the orc wizard!
You slash the orc warrior!
The orc priest threatens, "Beogh's wrath is as vast as their mercy.
Make your choice!"
You slice the orc priest!!
You kill the orc priest!
The steam dragon is lightly wounded.
The dead are walking!
The steam dragon bites you.
* * * LOW HITPOINT WARNING * * *
The steam dragon claws you but does no damage.
The orc warrior hits you from afar with a +0 bardiche!!
You die...

Skill      XL: |  1  2  3  4  5  6  7  8  9 |
---------------+----------------------------+-----
Fighting       | 1 2 4 5 7 8 |  8.2
Necromancy     | 5 6 7 8 9 |  9.4
Axes           | 2 3 5 7 |  7.1
Armour         | 2 3 5 6 |  6.5
Dodging        | |  1.3
Stealth        | |  1.4
Spellcasting   | |  1.7

Action                     |  1- 3 |  4- 6 |  7- 9 || total
---------------------------+-------+-------+-------++-------
  Melee: Unarmed           |    36 |       |       ||    36
         Punch             |     1 |       |       ||     1
         Battleaxe         |     3 |     7 |       ||    10
         War axe           |       |    52 |       ||    52
         Katana            |       |     8 |   223 ||   231
   Cast: Necrotise         |    71 |    40 |    70 ||   181
         Animate Dead      |       |       |     7 ||     7
  Evoke: Wand              |       |     2 |     1 ||     3
    Use: Scroll            |       |       |    10 ||    10
         Potion            |       |       |     1 ||     1
   Stab: Distracted        |     1 |       |     1 ||     2
 Armour: Robe              |    30 |     6 |       ||    36
         Ring mail         |       |    93 |   240 ||   333
         Skin              |       |       |     2 ||     2
  Dodge: Dodged            |    44 |    69 |   140 ||   253
  Block: Other             |       |       |    10 ||    10
         Reflection        |       |       |     1 ||     1

Levels and vault maps discovered:
D:1:      dpeg_arrival_simpleton_b, layout_rooms, minmay_distorted
D:2:      layout_loops_ring, dreamdust_ecumenical_altar_sealed_demon,
          kennysheep_generic_room_10
D:3:      layout_rooms, mainiacjoe_overflow_six_doors_small, uniq_terence,
          uniq_sigmund, uniq_jessica
D:4:      layout_gridville, minmay_temple_entry_poolview, grunt_ministairs_14,
          uniq_menkaure
D:5:      layout_gridville, serial_shops, shop, chequers_arboretum,
          lemuel_flamethrower_2
D:6:      layout_basic, mainiacjoe_overflow_surrounded_room, tgw_sif,
          kb_xom_exploding_sheep, serial_shops, nicolae_shop_gibbet_a_chance
D:7:      layout_cave_pools, serial_column_ruins, column_ruins_square_small,
          column_ruins_circle_large, column_ruins_corridor_T,
          column_ruins_grid_1, column_ruins_open_large, column_ruins_open_tiny,
          column_ruins_open_large
D:8:      layout_gridville, nicolae_overflow_hidden_temple,
          worldfamousw_hep_ancestral_shrine, mainiacjoe_overflow_brackets,
          uniq_psyche
D:9:      layout_cave_pools, hangedman_abyss_or_decor_passed,
          kennysheep_generic_room_6
Temple:   dshaligram_water_room_temple

Notes
Turn   | Place    | Note
-------+----------+-------------------------------------------
     0 | D:1      | cforsyth the Mountain Dwarf Necromancer began the quest for
                  | the Orb.
     0 | D:1      | Reached XP level 1. HP: 14/14 MP: 3/3
   196 | D:1      | Reached skill level 1 in Fighting
   289 | D:1      | Reached XP level 2. HP: 23/23 MP: 2/4
   659 | D:1      | Reached skill level 2 in Fighting
   659 | D:1      | Reached skill level 5 in Necromancy
   659 | D:1      | Reached XP level 3. HP: 29/29 MP: 0/5
  1076 | D:2      | Found a faded altar of an unknown god.
  1076 | D:2      | Noticed an Executioner
  1734 | D:3      | Noticed Sigmund
  1863 | D:3      | Killed Sigmund
  1864 | D:3      | Reached skill level 4 in Fighting
  1864 | D:3      | Reached skill level 6 in Necromancy
  1864 | D:3      | Reached XP level 4. HP: 30/40 MP: 0/6
  1864 | D:3      | Reached XP level 5. HP: 34/46 MP: 0/7
  1935 | D:3      | Found an iron altar of Okawaru.
  2172 | D:3      | Noticed Jessica
  2178 | D:3      | Killed Jessica
  2248 | D:3      | Reached XP level 6. HP: 51/53 MP: 3/8
  2255 | D:3      | Noticed Terence
  2396 | D:2      | Killed Terence
  2595 | D:4      | Reached skill level 1 in Axes
  2756 | D:4      | Reached skill level 1 in Armour
  3123 | D:4      | HP: 4/55 [ribbon worm (3)]
  3137 | D:5      | Entered Level 5 of the Dungeon
  3421 | D:4      | Reached skill level 5 in Fighting
  3492 | D:4      | Found a staircase to the Ecumenical Temple.
  3597 | Temple   | Entered the Ecumenical Temple
  3675 | D:4      | Found the +8 autumn katana {manifold assault}
  3928 | D:4      | Noticed Menkaure
  3938 | D:4      | Killed Menkaure
  3939 | D:4      | Reached skill level 2 in Axes
  3939 | D:4      | Reached skill level 2 in Armour
  3939 | D:4      | Reached skill level 7 in Necromancy
  3939 | D:4      | Reached XP level 7. HP: 52/61 MP: 9/9
  4020 | D:4      | Learned a level 4 spell: Animate Dead
  4307 | D:5      | Reached skill level 3 in Axes
  4308 | D:5      | Reached skill level 3 in Armour
  4602 | D:5      | Reached XP level 8. HP: 52/70 MP: 10/10
  4796 | D:5      | Reached skill level 6 in Fighting
  4922 | D:5      | Reached skill level 4 in Axes
  4983 | D:5      | Found Raps's Magic Scroll Shop.
  5007 | D:5      | Bought a scroll of identify for 22 gold pieces
  5007 | D:5      | Bought a scroll of teleportation for 33 gold pieces
  5007 | D:5      | Bought a scroll of identify for 22 gold pieces
  5007 | D:5      | Bought a scroll of identify for 22 gold pieces
  5010 | D:5      | Identified a potion of resistance
  5962 | D:6      | Reached skill level 4 in Armour
  6044 | D:6      | Found Beinell's Armour Shop.
  6177 | D:6      | Found a shimmering blue altar of Sif Muna.
  6247 | D:6      | Reached skill level 8 in Necromancy
  6666 | D:6      | Found a glowing golden altar of the Shining One.
  6850 | D:6      | Reached skill level 5 in Axes
  7127 | D:5      | HP: 6/71 [orc warrior/+0 hand axe (4)]
  7400 | D:6      | Reached skill level 7 in Fighting
  7400 | D:6      | Reached skill level 5 in Armour
  7478 | D:6      | Reached XP level 9. HP: 64/79 MP: 5/11
  7623 | D:6      | Found a shimmering altar of Xom.
  8038 | D:7      | Reached skill level 6 in Axes
  8256 | D:7      | Identified the +7 arbalest of the Hungering Rat {drain,
                  | rCorr Dex+2}
  8294 | D:7      | HP: 6/79 [ogre/+0 giant club (24)]
  8303 | D:7      | HP: 1/79 [bullfrog (6)]
  8316 | D:7      | HP: 1/79 [hound (4)]
  8957 | D:8      | Noticed Psyche
  9089 | D:8      | Killed Psyche
  9090 | D:8      | Reached skill level 6 in Armour
  9090 | D:8      | Reached skill level 9 in Necromancy
  9246 | D:8      | Reached skill level 8 in Fighting
  9309 | D:8      | Found a blossoming altar of Fedhas.
  9475 | D:8      | Reached skill level 7 in Axes
  9542 | D:8      | Found a snail-covered altar of Cheibriados.
  9681 | D:8      | Found a hazy altar of Hepliaklqana.
 10185 | D:9      | Slain by an orc warrior

Vanquished Creatures
  Psyche (D:8)
  Sigmund (D:3)
  A steam dragon (D:8)
  Menkaure (D:4)
  4 ice beasts
  2 orc warriors
  2 ogres
  2 centaurs
  A phantom (D:4)
  2 bullfrogs (D:7)
  2 scorpions (D:5)
  3 wights (D:6)
  2 bombardier beetles
  4 hounds
  10 orc priests
  A sleepcap (D:6)
  Jessica (D:3)
  Terence (D:2)
  3 iguanas
  8 orc wizards
  8 adders
  9 gnolls
  2 white imps
  4 ufetubi (D:5)
  2 dart slugs (D:1)
  A ribbon worm (D:4)
  28 orcs
  6 bats
  3 endoplasms
  3 giant cockroaches
  3 goblins
  6 hobgoblins
  6 jackals
  10 kobolds
  A quokka (D:1)
  9 ball pythons
  A frilled lizard (D:3)
  3 rats
157 creatures vanquished.

Vanquished Creatures (collateral kills)
  A sleepcap (D:7)
  An orc wizard (D:6)
  A goblin (D:1)
  A hobgoblin (D:1)
  A jackal (D:1)
5 creatures vanquished.

Vanquished Creatures (others)
  5 dream sheep (D:6)
  An orc warrior (D:5)
  A kobold brigand (D:5)
  A bullfrog zombie (D:7)
  4 orc zombies
12 creatures vanquished.

Grand Total: 174 creatures vanquished

Table legend: (Time is in decaauts)
 A = Elapsed time spent in this place.
 B = Non-inter-level travel time spent in this place.
 C = Inter-level travel time spent in this place.
 D = Time resting spent in this place.
 E = Time spent auto-exploring this place.
 F = Levels seen in this place.
 G = Mean time per level.
                   A        B        C        D        E       F      G
               +--------+--------+--------+--------+--------+-----+--------+
         Total |  10281 |   9936 |    345 |   1825 |   6411 |  10 | 1028.1 |
       Dungeon |  10247 |   9927 |    320 |   1825 |   6411 |   9 | 1138.6 |
        Temple |     33 |      8 |     25 |      0 |      0 |   1 |   33.0 |
               +--------+--------+--------+--------+--------+-----+--------+

Top non-repeatable levels by time:
     D:5: 2672 daAuts
     D:6: 1680 daAuts
     D:4: 1384 daAuts
     D:2: 1235 daAuts
     D:8: 1079 daAuts
     D:7: 776 daAuts
     D:1: 766 daAuts
     D:3: 586 daAuts
     D:9: 65 daAuts
  Temple: 33 daAuts

Table legend:
 A = Non-vault XP
 B = Vault XP
 C = Vault XP percentage of total XP
 D = Non-vault monster count
 E = Vault monster count
 F = Vault count percentage of total count
                 A         B        C        D         E       F
            +---------+---------+-------+---------+---------+-------
      Total |    3896 |     828 |  17.5 |     152 |      12 |   7.3
            +---------+---------+-------+---------+---------+-------
        D:1 |      38 |       5 |  11.6 |      18 |       3 |  14.3
        D:2 |      28 |      37 |  56.9 |      11 |       2 |  15.4
        D:3 |      44 |     276 |  86.2 |      12 |       2 |  14.3
        D:4 |     265 |     161 |  37.8 |      16 |       3 |  15.8
        D:5 |     959 |       0 |   0.0 |      29 |       0 |   0.0
        D:6 |    1309 |      35 |   2.6 |      33 |       1 |   2.9
        D:7 |     505 |       0 |   0.0 |      14 |       0 |   0.0
        D:8 |     591 |     314 |  34.7 |      10 |       1 |   9.1
        D:9 |     157 |       0 |   0.0 |       9 |       0 |   0.0
            +---------+---------+-------+---------+---------+-------
